 Dungeon Crawl Stone Soup version 0.26-a0-712-ga5a9c9c9d0 (webtiles) character file.

Game seed: 14992621814224948060

6450 Azzok the Cleaver (level 10, -5/70 HPs)
             Began as a Demonspawn Berserker on Nov 7, 2020.
             Was a High Priest of Trog.
             Slain by a wyvern (11 damage)
             ... on level 9 of the Dungeon.
             The game lasted 00:09:27 (6986 turns).

Azzok the Cleaver (Demonspawn Berserker)            Turns: 6986, Time: 00:09:28

Health: -5/70      AC: 14    Str: 21    XL:     10   Next: 67%
Magic:  10/10      EV:  8    Int:  8    God:    Trog [*****.]
Gold:   394        SH:  0    Dex: 17    Spells: 9/9 levels left

rFire    . . .     SeeInvis .   D - +2 war axe (elec)
rCold    + . .     Faith    .   (no shield)
rNeg     . . .     Spirit   .   n - +0 chain mail
rPois    .         Reflect  .   p - +0 helmet
rElec    .         Harm     .   (no cloak)
rCorr    .         Rampage  .   (no gloves)
MR       ++...                  g - +0 pair of boots
Stlth    +.........             z - amulet of regeneration
HPRegen  1.61/turn              G - ring of protection from cold
MPRegen  0.12/turn              y - +4 ring of protection

@: lethally poisoned (-5 -> -5), regenerating (expiring)
A: hooves 2, thin skeletal structure 2
a: Berserk, Trog's Hand, Brothers in Arms, Renounce Religion


You were on level 9 of the Dungeon.
You worshipped Trog.
Trog was extremely pleased with you.
You visited 1 branch of the dungeon, and saw 9 of its levels.
You also visited: Ossuary.

You collected 430 gold pieces.
You spent 36 gold pieces at shops.

Inventory:

Hand Weapons
 u - a +1 whip of venom
 D - a +2 war axe of electrocution (weapon)
 I - a +3 vorpal battleaxe
Missiles
 F - 5 throwing nets (quivered)
Armour
 g - a +0 pair of boots (worn)
 n - a +0 chain mail (worn)
 p - a +0 helmet (worn)
Jewellery
 y - a +4 ring of protection (right hand)
 z - an amulet of regeneration (around neck)
 E - an uncursed ring of positive energy
 G - a ring of protection from cold (left hand)
 H - an uncursed amulet of faith {unknown}
 J - an uncursed ring of flight {unknown}
Scrolls
 b - a scroll of random uselessness {unknown}
 c - 9 scrolls of teleportation
 d - a scroll of magic mapping {unknown}
 f - 2 scrolls of enchant armour {unknown}
 m - 6 scrolls of identify {unknown}
 o - 7 scrolls of remove curse {unknown}
 t - a scroll of fear {unknown}
 v - 3 scrolls of amnesia {unknown}
 w - 2 scrolls of immolation {unknown}
 x - 2 scrolls of noise {unknown}
 B - a scroll of fog {unknown}
Potions
 a - 2 potions of ambrosia {unknown}
 e - 5 potions of lignification {unknown}
 h - 4 potions of haste
 i - 3 potions of flight {unknown}
 j - a potion of might {unknown}
 k - 4 potions of berserk rage {unknown}
 l - a potion of magic {unknown}
 q - 2 potions of mutation {unknown}
 r - 2 potions of resistance {unknown}
 s - 6 potions of curing {unknown}
 A - 3 potions of heal wounds {unknown}
 C - a potion of cancellation {unknown}


   Skills:
 - Level 3.0 Fighting
 + Level 14.4 Axes
 - Level 1.7 Armour
 - Level 1.7 Dodging


You had 9 spell levels left.
You didn't know any spells.
Your spell library was empty.

Dungeon Overview and Level Annotations

Branches:
Dungeon (9/15)             Temple (0/1) D:4         Ossuary (visited)
   Lair: D:8-11         Orc: D:9-12

Altars:
Ashenzari
Dithmenos
Fedhas
Gozag
Hepliaklqana
Nemelex Xobeh
Okawaru
Vehumet
Yredelemnul
The Shining One

Shops:
D:6 [   D:8 *

Annotations:
D:3 2 transporters, PanSaczeczos's ghost, amateur DsTm


Innate Abilities, Weirdness & Mutations

You have hoof-like feet.
You have a moderately thin skeletal structure. (Dex +4, Stealth+)


Message History

You feel sick. The wyvern barely misses you.
You hit the wyvern.
The wyvern is moderately wounded.
You feel sick. The wyvern bites you. The wyvern bites you!
You hit the wyvern. Lightning courses through the wyvern!
The wyvern is almost dead.
The wyvern bites you!
* * * LOW HITPOINT WARNING * * *
The orc priest mumbles some strange prayers to Beogh against you.
Beogh smites you!
* * * LOW HITPOINT WARNING * * *
Your chain mail prevents you from hitting the wyvern.
The wyvern is almost dead.
The wyvern bites you.
* * * LOW HITPOINT WARNING * * *
You hit the wyvern but do no damage.
The wyvern is almost dead.
The wyvern bites you!
You die... · ·· o·P

···· S··P·
▒▒▒▒▒▒▒▒▒▒▒▒▒▒▒▒▒▒▒▒▒▒▒▒sSg···
▒····}·······@lYgho·g†·)oP····
▒·▒▒▒▒▒▒▒▒▒▒▒▒▒▒▒▒▒▒▒▒▒▒···P··
▒▒▒·▒·······▒ ·····
▒·········▒·▒▒▒▒▒▒ ···P
▒·▒·▒·▒▒▒·▒······▒ ▒▒·
▒·▒···········)▒·▒
▒·▒··▒··▒·····<▒
▒·▒·····▒······▒
▒·▒▒·▒▒▒▒·▒······


You could see a yak, a wyvern, a howler monkey, an orc priest and 2 gnolls.

Vanquished Creatures
  Harold (D:7)
  A two-headed ogre (D:9)
  A wyvern (D:9)
  15 yaks
  A basilisk (D:9)
  Menkaure (Ossuary)
  2 water moccasins (D:9)
  An ice beast (D:7)
  A sky beast (D:5)
  2 phantoms
  2 ogres
  Blork the orc (D:4)
  3 bullfrogs
  6 killer bees (D:8)
  2 scorpions
  A howler monkey (D:4)
  A quasit (D:5)
  A jelly (D:8)
  2 centaur zombies
  2 hounds
  A centaur skeleton (D:6)
  4 orc priests
  2 iguanas (D:5)
  6 orc wizards
  Jessica (D:2)
  4 worker ants
  A killer bee zombie (D:5)
  A hound zombie (D:6)
  2 hound skeletons
  3 mummies (Ossuary)
  A howler monkey skeleton (D:8)
  Robin (D:2)
  12 gnolls
  5 adders
  A shadow imp (D:5)
  A worm (D:3)
  4 dart slugs
  5 leopard geckos
  20 orcs
  5 giant cockroaches
  12 goblins
  15 hobgoblins
  11 jackals
  4 quokkas
  4 ball pythons
  8 bats
  7 frilled lizards
  5 gnoll skeletons (Ossuary)
  5 gnoll zombies (Ossuary)
  7 goblin skeletons (Ossuary)
  3 goblin zombies (Ossuary)
  3 hobgoblin skeletons (Ossuary)
  3 hobgoblin zombies (Ossuary)
  7 kobolds
  A kobold skeleton (Ossuary)
  5 kobold zombies (Ossuary)
  7 orc skeletons (Ossuary)
  7 orc zombies (Ossuary)
  2 quokka skeletons
  9 rats
  2 rat skeletons (Ossuary)
  2 rat zombies (Ossuary)
  A spectral orc (D:6)
257 creatures vanquished.

Vanquished Creatures (others)
  A bush (D:9)
  A fungus (D:9)
  16 plants (D:9)
18 creatures vanquished.

Grand Total: 275 creatures vanquished

Notes
Turn   | Place    | Note
-------+----------+-------------------------------------------
     0 | D:1      | Azzok the Demonspawn Berserker began the quest for the Orb.
     0 | D:1      | Reached XP level 1. HP: 18/18 MP: 1/1
   110 | D:1      | Reached skill level 3 in Axes
   112 | D:1      | Gained mutation: You have large cloven feet. [demonic
                  | ancestry]
   112 | D:1      | Reached XP level 2. HP: 24/24 MP: 2/2
   820 | D:1      | Reached XP level 3. HP: 29/29 MP: 3/3
   997 | D:2      | Reached skill level 4 in Axes
  1101 | D:2      | Found a shadowy altar of Dithmenos.
  1133 | D:2      | Found a faded altar of an unknown god.
  1187 | D:2      | Noticed a bullfrog
  1190 | D:2      | Noticed Jessica
  1196 | D:2      | Killed a bullfrog
  1196 | D:2      | Reached ** piety under Trog
  1196 | D:2      | Reached skill level 5 in Axes
  1196 | D:2      | Gained mutation: You have a somewhat thin skeletal
                  | structure. (Dex +2, Stealth) [demonic ancestry]
  1196 | D:2      | Reached XP level 4. HP: 35/35 MP: 4/4
  1204 | D:2      | Killed Jessica
  1204 | D:2      | Reached XP level 5. HP: 15/41 MP: 5/5
  1486 | D:2      | Noticed Robin
  1505 | D:2      | Killed Robin
  1716 | D:3      | Found a blossoming altar of Fedhas.
  1846 | D:3      | Found a transporter.
  1849 | D:3      | Noticed PanSaczeczos's ghost (amateur DsTm)
  1852 | D:3      | Found a transporter.
  1904 | D:3      | Noticed a phantom
  1915 | D:3      | Killed a phantom
  1915 | D:3      | Reached skill level 6 in Axes
  1915 | D:3      | Reached XP level 6. HP: 47/47 MP: 6/6
  1971 | D:3      | Reached *** piety under Trog
  2038 | D:3      | Found a broken altar of Ashenzari.
  2187 | D:3      | Noticed a toenail golem
  2637 | D:4      | Noticed Blork the orc
  2645 | D:4      | Killed Blork the orc
  2645 | D:4      | Reached skill level 7 in Axes
  2714 | D:4      | Found a staircase to the Ecumenical Temple.
  2820 | D:4      | Found an opulent altar of Gozag.
  2825 | D:4      | Gained mutation: You have a moderately thin skeletal
                  | structure. (Dex +4, Stealth+) [demonic ancestry]
  2825 | D:4      | Reached XP level 7. HP: 50/52 MP: 7/7
  2871 | D:4      | Found a hazy altar of Hepliaklqana.
  2894 | D:4      | You fall into a shaft and drop 3 floors!
  3001 | D:6      | Found a basalt altar of Yredelemnul.
  3073 | D:5      | Entered Level 5 of the Dungeon
  3158 | D:5      | Reached skill level 8 in Axes
  3383 | D:5      | Found a sand-covered staircase.
  3392 | Ossuary  | Entered an ossuary
  3464 | Ossuary  | Reached **** piety under Trog
  3775 | Ossuary  | Noticed Menkaure
  3782 | Ossuary  | Killed Menkaure
  3792 | Ossuary  | Reached skill level 9 in Axes
  3792 | Ossuary  | Reached XP level 8. HP: 58/58 MP: 8/8
  4186 | D:5      | Reached ***** piety under Trog
  4505 | D:6      | Found an iron altar of Okawaru.
  4821 | D:6      | Found Haaphaimno's Armour Boutique.
  5024 | D:6      | Found a sparkling altar of Nemelex Xobeh.
  5260 | D:7      | Reached skill level 10 in Axes
  5642 | D:7      | Noticed Harold
  5659 | D:7      | Killed Harold
  5659 | D:7      | Reached skill level 11 in Axes
  5659 | D:7      | Gained mutation: You have hoof-like feet. [demonic
                  | ancestry]
  5659 | D:7      | Reached XP level 9. HP: 49/63 MP: 9/9
  6077 | D:8      | Found a glowing golden altar of the Shining One.
  6077 | D:8      | Found a radiant altar of Vehumet.
  6182 | D:8      | Found Pienwiets's General Store.
  6191 | D:8      | Bought a scroll of teleportation for 36 gold pieces
  6279 | D:8      | Reached skill level 12 in Axes
  6509 | D:8      | Reached skill level 13 in Axes
  6517 | D:8      | Reached XP level 10. HP: 26/70 MP: 10/10
  6657 | D:8      | Received a gift from Trog
  6842 | D:9      | Noticed a two-headed ogre
  6850 | D:9      | Killed a two-headed ogre
  6932 | D:9      | Reached skill level 14 in Axes
  6986 | D:9      | Slain by a wyvern

Illustrated notes

Levels and vault maps discovered:
D:1:      psy_arrival_heroes, layout_basic, minmay_pentomino_p4
D:2:      layout_rooms, nicolae_dithmenos_through_a_glass_darkly,
          chequers_ecumenical_altar_simple, uniq_jessica, uniq_robin
D:3:      layout_rooms, fedhas_altar_2, gammafunk_ghost_abyssal_escape,
          evilmike_ruin_ashenzari
D:4:      layout_gridville, grunt_gozag_statues, lemuel_crystal_altar,
          minmay_temple_entry_statues_pillars, st_stairs_9, uniq_blork_the_orc
D:5:      layout_gridville, nicolae_ossuary_entry_monument
D:6:      layout_basic, yredelemnul_forgotten_temple_becter,
          nemelex_altar_shiori, serial_shops, shop_fountains,
          okawaru_metal_pillars_1_2
D:7:      layout_basic, uniq_harold
D:8:      argonaut_augean_stables, layout_basic,
          chequers_temple_overflow_statue_of_worship, serial_shops, shop
D:9:      layout_basic, minmay_lair_entry_grove

Skill      XL: |  1  2  3  4  5  6  7  8  9 10 |
---------------+-------------------------------+-----
Axes           | 3 5 6 7 9 11 13 14 | 14.4
Fighting       | |  3.0
Armour         | |  1.7
Dodging        | |  1.7

Action                   |  1- 3 |  4- 6 |  7- 9 | 10-12 || total
-------------------------+-------+-------+-------+-------++-------
Melee: Hand axe          |   123 |   101 |   220 |       ||   444
       Kick              |     2 |       |       |       ||     2
       Whip              |       |    31 |    91 |       ||   122
       War axe           |       |       |   159 |    84 ||   243
Invok: Berserk           |     3 |     3 |     3 |     1 ||    10
       Trog's Hand       |       |       |     1 |     1 ||     2
Armor: Animal skin       |    20 |       |       |       ||    20
       Chain mail        |    46 |    65 |   232 |    20 ||   363
Dodge: Dodged            |    90 |    55 |   131 |    19 ||   295

Table legend: (Time is in decaauts)
 A = Elapsed time spent in this place.
 B = Non-inter-level travel time spent in this place.
 C = Inter-level travel time spent in this place.
 D = Time resting spent in this place.
 E = Time spent auto-exploring this place.
 F = Levels seen in this place.
 G = Mean time per level.
                   A        B        C        D        E       F      G
               +--------+--------+--------+--------+--------+-----+--------+
         Total |   7027 |   6858 |    169 |    452 |   4769 |  10 |  702.7 |
       Dungeon |   6573 |   6404 |    169 |    420 |   4675 |   9 |  730.3 |
       Ossuary |    453 |    453 |      0 |     32 |     94 |   1 |  453.0 |
               +--------+--------+--------+--------+--------+-----+--------+

Top non-repeatable levels by time:
     D:1: 1018 daAuts
     D:7: 930 daAuts
     D:6: 903 daAuts
     D:5: 866 daAuts
     D:8: 750 daAuts
     D:2: 750 daAuts
     D:4: 699 daAuts
     D:3: 497 daAuts
 Ossuary: 453 daAuts
     D:9: 157 daAuts
